 Dungeon Crawl Stone Soup version 0.17-a0-18-gc25b939 (webtiles) character file.

23 JacquesDerrida the Caller (level 2, -7/19 HPs)
             Began as a Merfolk Summoner on Mar 7, 2015.
             Was an Initiate of Ashenzari.
             Killed by nerve-wracking pain
             ... invoked by Grinder
              (12 damage)
             ... on level 3 of the Dungeon.
             The game lasted 00:10:38 (817 turns).

JacquesDerrida the Caller (Merfolk Summoner)         Turns: 817, Time: 00:10:38

Health: -7/19      AC:  3    Str:  8    XL:     2   Next: 95%
Magic:  1/4        EV: 12    Int: 19    God:    Ashenzari [......]
Gold:   56         SH:  0    Dex: 14    Spells: 2 memorised, 2 levels left

rFire  . . .     SeeInvis .     (no weapon)
rCold  . . .     Clarity  .     k - +0 leather armour
rNeg   . . .     SustAb   .     (no shield)
rPois  .         Gourm    .     (no helmet)
rElec  .         Spirit   .     (no cloak)
rCorr  .         Warding  .     (no gloves)
rMut   .         Stasis   .     (no boots)
MR     .....                    (no amulet)
Stlth  ++........               (no ring)
                                (no ring)

@: brilliant, not resistant to hostile enchantments, unstealthy
A: change form in water, swift swim
a: Renounce Religion


You were on level 3 of the Dungeon.
You worshipped Ashenzari.
Ashenzari was noncommittal.
You were not hungry.

You visited 1 branch of the dungeon, and saw 3 of its levels.

You collected 56 gold pieces.

Inventory:

Missiles
 i - 17 stones (quivered)
Armour
 a - a +0 robe
 j - a cursed +0 ring mail
 k - a +0 leather armour (worn)
 n - a +0 buckler
Jewellery
 o - an uncursed amulet of stasis
Magical devices
 l - a wand of flame (23)
Scrolls
 d - a scroll of fear {unknown}
 e - a scroll of recharging {unknown}
 f - 2 scrolls of identify {unknown}
 g - a scroll of fog {unknown}
Potions
 p - a potion of cancellation {unknown}
 q - a potion of curing {unknown}
Books
 b - a book of Callings

   Spells                             Type                      Level
   a - Summon Small Mammal            Summoning                    1
   b - Call Imp                       Summoning                    2
   c - Call Canine Familiar           Summoning                    3
   d - Summon Guardian Golem          Hexes/Summoning              4
   e - Summon Lightning Spire         Summoning/Air                4
   f - Summon Ice Beast               Ice/Summoning                4
Comestibles
 c - a bread ration
 h - 2 beef jerkies


   Skills:
 - Level 2.9 Dodging
 - Level 2.1 Stealth
 - Level 2.1 Spellcasting
 + Level 4.7 Summonings


You had 2 spell levels left.
You knew the following spells:

 Your Spells              Type           Power        Failure   Level  Hunger
a - Summon Small Mammal   Summ           ####         1%          1    #......
b - Call Imp              Summ           ####....     1%          2    ##.....


Dungeon Overview and Level Annotations

Branches:
Dungeon (3/15)

Altars:
Ashenzari
Kikubaaqudgha

Annotations:
D:3 Grinder


Message History

The puff of frost hits the goblin.
The goblin dies!
You see here a bubbling orange potion.
q - a bubbling orange potion Grinder gestures.
Grinder blinks!
The quokka barely misses you.
Your white imp gestures at the quokka.
The puff of frost hits the quokka.
The quokka dies!
Grinder closely misses you. Grinder hits you.
* * * LOW HITPOINT WARNING * * *
You writhe in agony. x2
Drink which item? (? for menu, Esc to quit)
It was a potion of brilliance.
You feel clever all of a sudden. Grinder gestures at you.
Pain shoots through your body!
Ouch! That really hurt!
You die...

#..........# #
####...###.# #...#
.# #...# ##5## #.#
#.# #.#
##########..
###.####.5@........
#......5..######...
#.........#
#..#####..#
#..#!)$#..#
#..#[)?#..#
#..#($)#..#
#..#####..#
#.........#


You could see Grinder and a friendly white imp.

Vanquished Creatures
  A bat (D:2)
1 creature vanquished.

Vanquished Creatures (collateral kills)
  A giant gecko (D:1)
  An ooze (D:1)
  2 bats (D:1)
  2 giant cockroaches (D:2)
  3 goblins
  6 hobgoblins
  8 kobolds
  A quokka (D:3)
  2 giant newts (D:1)
  4 rats (D:1)
30 creatures vanquished.

Vanquished Creatures (others)
  4 quokkas
  8 bats (D:1)
  8 rats (D:1)
20 creatures vanquished.

Grand Total: 51 creatures vanquished

Notes
Turn   | Place    | Note
--------------------------------------------------------------
     0 | D:1      | JacquesDerrida, the Merfolk Summoner, began the quest for the Orb.
     0 | D:1      | Reached XP level 1. HP: 13/13 MP: 3/3
     0 | D:1      | ayyyyyyyyyyyyyyyyyyyyyyyyyyyyy
   128 | D:1      | Found a shattered altar of Ashenzari.
   134 | D:1      | Became a worshipper of Ashenzari the Shackled
   175 | D:1      | Reached XP level 2. HP: 10/19 MP: 0/4
   274 | D:1      | Learned a level 2 spell: Call Imp
   656 | D:2      | Found an ancient bone altar of Kikubaaqudgha.
   766 | D:2      | You fall through a shaft!
   774 | D:3      | Noticed Grinder
   817 | D:3      | Killed from afar by Grinder

Action                   || total
-------------------------++-------
Melee: Unarmed           ||     4
Throw: Stone             ||     5
 Cast: Summon Small Mamm ||    43
       Call Imp          ||     6
  Use: Potion            ||     1
  Eat: Chunk             ||     1
